 Dungeon Crawl Stone Soup version 0.31.0-9-g3a7656b989 (webtiles) character file.

Game seed: 10907568244485087879

74 qw the Ducker (level 4, -5/22 HPs)
             Began as a Spriggan Hunter on Feb 2, 2024.
             Was an Initiate of Okawaru.
             Killed by nerve-wracking pain
             ... invoked by Grinder
              (12 damage)
             ... on level 3 of the Dungeon.
             The game lasted 00:00:05 (1237 turns).

qw the Ducker (Spriggan Hunter)                     Turns: 1237, Time: 00:00:06

Health: -5/22      AC:  4    Str:  7    XL:     4   Next: 9%
Magic:  5/5        EV: 21    Int: 10    God:    Okawaru [......]
Gold:   103        SH:  5    Dex: 23    Spells: 3/3 levels left

rFire   . . .        a - +1 shortbow
rCold   . . .        (shield currently unavailable)
rNeg    . . .        l - +1 robe of the Poles {Will- rCorr Dex+3}
rPois   .            (helmet restricted)
rElec   .            e - +0 cloak
rCorr   +            (gloves unavailable)
SInv    +            (boots unavailable)
Will    .....        d - amulet of reflection
Stlth   ++           (no ring)
HPRegen 0.23/turn    (no ring)
MPRegen 0.09/turn

%: reflection
@: hasted, very quick
A: very small, no large weapons, unfitting armour, see invisible, speed 3
a: Renounce Religion


You were on level 3 of the Dungeon.
You worshipped Okawaru.
Okawaru was noncommittal.
You visited 1 branch of the dungeon, and saw 3 of its levels.

You collected 103 gold pieces.


Innate Abilities, Weirdness & Mutations

You are very small and have problems with some larger weapons.
You are too small for most types of armour.
You have supernaturally acute eyesight. (SInv)
You cover ground extremely quickly. (Speed+++)


   Skills:
 - Level 1.5 Fighting
 + Level 4.6 Ranged Weapons
 - Level 5.0 Dodging
 - Level 1.5 Stealth


You had 3 spell levels left.
You didn't know any spells.
Your spell library was empty.

Inventory:

Hand Weapons
 a - a +1 shortbow (weapon)
Armour
 e - a +0 cloak (worn)
 l - the +1 robe of the Poles (worn) {Will- rCorr Dex+3}
   (You found it on level 2 of the Dungeon)

   Dex+3:     It affects your dexterity (+3).
   Will-:     It decreases your willpower.
   rCorr:     It protects you from acid and corrosion.
Jewellery
 b - a ring of fire
 d - an amulet of reflection (around neck)
Scrolls
 g - 2 scrolls of teleportation

Dungeon Overview and Level Annotations

Branches:
Dungeon (3/15)

Altars:
Okawaru

Annotations:
D:3 Grinder


Message History

The ribbon worm expels a string of sticky webbing.
The stream of webbing hits you but does no damage.
You are caught in a web!
The web tears apart.
You block the ribbon worm's attack. The orc misses you.
You shoot an arrow. The arrow completely misses the orc.
The ribbon worm expels a string of sticky webbing.
The stream of webbing hits you but does no damage.
You are caught in a web!
The orc hits you but does no damage.
You struggle to detach yourself from the web.
The orc closely misses you.
The ribbon worm bites you but does no damage.
You struggle to detach yourself from the web.
The orc closely misses you. The ribbon worm barely misses you.
The web tears apart.
You block the orc's attack.
1232 ||| DRINKING potion of haste.
You feel yourself speed up. You block the ribbon worm's attack.
The orc completely misses you. Grinder gestures at you.
Pain shoots through your body!
You shoot an arrow.
The arrow hits Grinder but does no damage.
The ribbon worm closely misses you. You block Grinder's attack.
The orc closely misses you.
You shoot an arrow.
The arrow hits Grinder but does no damage.
You block the ribbon worm's attack. The orc hits you with a +0 club.
Grinder misses you.
You shoot an arrow. The arrow closely misses Grinder.
You shoot an arrow. The arrow barely misses Grinder.
The orc closely misses you. Grinder hits you but does no damage.
The ribbon worm bites you.
You shoot an arrow.
The arrow hits Grinder but does no damage.
The orc closely misses you. Grinder gestures at you.
Pain shoots through your body!
Ouch! That really hurt!
You die...
Grinder says, "Hey, I wasn't done torturing you yet!"

.#####......... ....#
#......... .... .#
#......... ...)...
#...|..... .....#.######
#......)..
............####........
.....#.####...))........
.......w.........##.....
......?@###......##.....
....#..o5..).....##.....
.. ###..........##.....
##................
................).
##.#.....%....
...#...... ..##...


You could see Grinder, a ribbon worm and an orc.

Vanquished Creatures
  An orc priest (D:3)
  An adder (D:2)
  A ribbon worm (D:3)
  2 orcs (D:3)
  A ball python (D:2)
  4 bats
  4 endoplasms (D:1)
  4 giant cockroaches
  A goblin (D:1)
  A hobgoblin (D:3)
  3 frilled lizards
  3 kobolds
  6 rats
32 creatures vanquished.

Notes
Turn   | Place    | Note
-------+----------+-------------------------------------------
     0 | D:1      | qw the Spriggan Hunter began the quest for the Orb.
     0 | D:1      | Reached XP level 1. HP: 10/10 MP: 2/2
     0 | D:1      | 0 ||| qw: Version: 0.3-a-155-g5e7d8dd
     0 | D:1      | 0 ||| qw: Game counter: 111
     0 | D:1      | 0 ||| qw: Melee chars always use a shield: true
     0 | D:1      | 0 ||| qw: God list: Okawaru
     0 | D:1      | 0 ||| qw: Allow faded altars: false
     0 | D:1      | 0 ||| qw: Do Orc after clearing Dungeon:15 true
     0 | D:1      | 0 ||| qw: Do second Lair branch before Depths: true
     0 | D:1      | 0 ||| qw: Lair rune preference: random
     0 | D:1      | 0 ||| qw: Goals: Normal
     0 | D:1      | 0 ||| PLANNING D:1-11
    63 | D:1      | Reached skill level 3 in Dodging
   100 | D:1      | 100 ||| UPGRADING to +0 cloak.
   105 | D:1      | 105 ||| UPGRADING to amulet of reflection.
   110 | D:1      | 110 ||| READING scroll labelled FURHESIRAN.
   114 | D:1      | 114 ||| RETREEEEATING.
   127 | D:1      | Reached XP level 2. HP: 14/14 MP: 3/3
   251 | D:1      | 251 ||| READING scroll labelled APNENIFEULAZ.
   251 | D:1      | 251 ||| ENCHANTING +0 shortbow.
   252 | D:1      | 252 ||| READING scroll labelled VAKIUSUKKOS.
   252 | D:1      | 252 ||| IDENTIFYING fizzy pink potion
   253 | D:1      | 253 ||| DROPPING scroll of butterflies.
   254 | D:1      | 254 ||| DROPPING potion of berserk rage.
   265 | D:1      | Reached skill level 4 in Dodging
   430 | D:1      | 430 ||| DROPPING ring of flight.
   660 | D:2      | Reached XP level 3. HP: 18/18 MP: 4/4
   693 | D:2      | Found an iron altar of Okawaru.
   694 | D:2      | 694 ||| PLANNING OKAWARU WORSHIP
   694 | D:2      | 694 ||| READING 3 scrolls of identify.
   694 | D:2      | 694 ||| IDENTIFYING sedimented white potion
   695 | D:2      | 695 ||| READING 2 scrolls of identify.
   695 | D:2      | 695 ||| IDENTIFYING scroll labelled OFUXZEPENA
   696 | D:2      | 696 ||| READING scroll of identify.
   696 | D:2      | 696 ||| IDENTIFYING scroll labelled ULYFOI ALOALO
   697 | D:2      | 697 ||| DROPPING scroll of noise.
   698 | D:2      | 698 ||| DROPPING scroll of immolation.
   707 | D:2      | Became a worshipper of Warmaster Okawaru
   708 | D:2      | 708 ||| PLANNING D:1-11
   931 | D:2      | Identified the +1 robe of the Poles {Will- rCorr Dex+3}
   986 | D:2      | Found a faded altar of an unknown god.
  1101 | D:2      | 1101 ||| UPGRADING to +1 robe of the Poles {Will- rCorr
                  | Dex+3}.
  1111 | D:2      | 1111 ||| DROPPING +0 robe.
  1112 | D:2      | 1112 ||| READING scroll of identify.
  1112 | D:2      | 1112 ||| IDENTIFYING 2 red potions
  1113 | D:2      | 1113 ||| READING scroll labelled BAONOW WATU.
  1114 | D:2      | 1114 ||| READING scroll labelled GAYNAEGHEL.
  1115 | D:2      | 1115 ||| DROPPING 2 potions of lignification.
  1148 | D:3      | Reached skill level 5 in Dodging
  1148 | D:3      | Reached XP level 4. HP: 12/22 MP: 5/5
  1157 | D:3      | 1157 ||| FLEEEEING.
  1162 | D:3      | 1162 ||| FLEEEEING.
  1225 | D:3      | Noticed Grinder
  1232 | D:3      | 1232 ||| DRINKING potion of haste.
  1237 | D:3      | Killed from afar by Grinder

Levels and vault maps discovered:
D:1:      roadster_arrival_rocket_large, layout_rooms, minmay_tromino_i2
D:2:      layout_basic, basic_altar, basic_ecumenical_altar,
          chequers_serial_rivers_small_a
D:3:      layout_rooms, kennysheep_slug_shrine, mrwooster_statue_mirror,
          chequers_serial_rivers_micro_a, uniq_grinder, uniq_ijyb, uniq_robin

Skill      XL: |  1  2  3 |
---------------+----------+-----
Dodging        | 3 4 5 |  5.0
Fighting       | |  1.5
Ranged Weapons | |  4.6
Stealth        | |  1.5

Action                     |  1- 3 |  4- 6 || total
---------------------------+-------+-------++-------
   Fire: Shortbow          |    79 |    30 ||   109
    Use: Scroll            |     9 |       ||     9
         Potion            |       |     1 ||     1
 Armour: Robe              |     5 |    10 ||    15
  Dodge: Dodged            |    22 |    20 ||    42
  Block: Other             |     6 |     5 ||    11

Table legend:
 A = Non-vault XP
 B = Vault XP
 C = Vault XP percentage of total XP
 D = Non-vault monster count
 E = Vault monster count
 F = Vault count percentage of total count
                 A         B        C        D         E       F
            +---------+---------+-------+---------+---------+-------
      Total |     104 |       2 |   1.9 |      31 |       1 |   3.1
            +---------+---------+-------+---------+---------+-------
        D:1 |      21 |       2 |   8.7 |      14 |       1 |   6.7
        D:2 |      27 |       0 |   0.0 |       9 |       0 |   0.0
        D:3 |      56 |       0 |   0.0 |       8 |       0 |   0.0
            +---------+---------+-------+---------+---------+-------
